Map: [ESL] Ancient Cistern

Players

Clem

  • Race: Terran Terran
  • Spawn Location: 1:00

ByuN - Winner!

  • Race: Terran Terran
  • Spawn Location: 7:00

Event: ESL SC2 Masters 2023 Summer (Finals)

VOD

Have the link to the VOD?

Description

Time

  • Played on: June 17, 2023, 2:17 p.m.
  • Length: 14:02

All games in this series

Show
View Real Time Build Order
Export as new Build Order

Clem Terran 

Build Orders:  

Get SALT Encoding   

  12  0:00  SCV  
  13  0:12  SCV  
  14  0:17  Supply Depot  
  14  0:24  SCV  
  15  0:38  SCV  
  15  0:40  Barracks  
  15  0:42  Refinery  
  16  0:50  SCV  
  16  0:53  Refinery  
  17  1:02  SCV  
  18  1:15  SCV  
  19  1:26  Reaper  
  19  1:27  Orbital Command  
  19  1:30  Supply Depot  
  20  1:39  Factory  
  20  1:52  SCV  
  21  1:58  Reaper  
  22  2:04  SCV  
  23  2:15  Command Center  
  23  2:16  SCV  
  24  2:23  Hellion  
  24  2:28  SCV  
  27  2:32  Barracks Reactor  
  27  2:41  SCV  
  27  2:42  Starport  
  28  2:51  Factory Tech Lab  
  28  2:53  SCV  
  29  3:02  Supply Depot  
  29  3:05  SCV  
  30  3:09  Marine  
  31  3:24  Marine, Cyclone, SCV  
  31  3:25  Medivac  
  31  3:26  Refinery  
  38  3:27  Orbital Command  
  38  3:28  Marine  
  39  3:36  SCV  
  40  3:42  Marine, Supply Depot  
  40  3:45  Marine  
  42  3:48  SCV  
  42  3:52  SCV  
  44  3:55  Starport Tech Lab  
  44  3:56  Cyclone  
  44  4:00  SCV  
  48  4:05  SCV, Marine  
  48  4:06  Marine  
  51  4:12  SCV  
  51  4:16  Raven  
  54  4:18  SCV, Supply Depot  
  54  4:23  Marine x2  
  55  4:32  SCV  
  55  4:34  SCV  
  55  4:44  Marine x2, SCV  
  45  4:46  SCV  
  45  4:49  Siege Tank  
  50  4:53  Viking  
  50  4:56  SCV  
  50  4:58  SCV  
  52  5:02  Marine x2  
  52  5:05  Supply Depot  
  54  5:08  SCV  
  54  5:09  Barracks  
  54  5:10  SCV  
  56  5:20  Barracks  
  56  5:21  SCV  
  57  5:22  SCV, Siege Tank  
  57  5:27  Raven  
  57  5:28  Marine  
  64  5:29  Marine  
  64  5:33  SCV  
  64  5:34  SCV  
  67  5:35  Supply Depot  
  67  5:44  Engineering Bay  
  67  5:45  SCV  
  67  5:46  SCV  
  69  5:54  Siege Tank  
  70  5:57  SCV  
  70  5:58  Marine x2  
  70  6:01  SCV  
  74  6:06  Supply Depot  
  74  6:07  Stimpack, Marine, Barracks Tech Lab  
  74  6:10  Terran Infantry Weapons Level 1, Starport Reactor  
  75  6:13  SCV  
  75  6:14  Refinery  
  75  6:15  SCV  
  75  6:17  Marine x2  
  79  6:25  Combat Shield  
  79  6:26  Marine x2  
  79  6:29  SCV x2  
  79  6:30  Supply Depot  
  83  6:34  Supply Depot  
  83  6:37  Marine, Siege Tank  
  83  6:38  Marine  
  88  6:43  Marine  
  89  6:48  Medivac  
  89  6:49  Marine  
  92  6:55  Marine  
  92  6:56  Medivac  
  92  7:00  Command Center  
  95  7:03  SCV  
  95  7:04  Supply Depot  
  95  7:05  Marine  
  95  7:06  Marine  
  95  7:07  Marine  
  99  7:12  Siege Tank  
  102  7:16  Marine  
  102  7:19  Supply Depot  
  102  7:23  Marine  
  102  7:24  Marine  
  102  7:28  Marine  
  101  7:34  Medivac x2  
  105  7:38  Marine  
  105  7:40  Supply Depot  
  105  7:41  Marine  
  107  7:47  Siege Tank  
  107  7:49  Marine  
  107  7:50  Supply Depot  
  110  7:54  Barracks Reactor  
  110  7:55  Marine  
  110  7:57  SCV x2  
  111  8:11  Marine x2  
  96  8:12  SCV  
  96  8:13  Marine  
  93  8:23  Viking, Siege Tank  
  93  8:25  Terran Infantry Armor Level 1  
  98  8:28  Marine  
  98  8:29  Marine  
  98  8:31  Marine  
  98  8:33  Marine  
  99  8:36  Marine  
  99  8:37  Barracks  
  99  8:39  Barracks, Liberator  
  101  8:46  Marine x2  
  103  8:49  Marine  
  103  8:51  Marine  
  103  8:53  SCV  
  103  8:54  SCV x2, Marine  
  109  8:59  Siege Tank  
  112  9:04  Marine x2  
  112  9:05  SCV  
  112  9:06  Orbital Command  
  112  9:09  Marine x2  
  117  9:11  SCV  
  118  9:18  SCV  
  118  9:19  Marine  
  118  9:22  Marine x2  
  118  9:23  SCV  
  121  9:27  Marine x2  
  121  9:30  SCV  
  121  9:31  Siege Tank  
  125  9:35  SCV  
  125  9:37  Marine  
  115  9:40  Marine x2  
  115  9:42  SCV  
  115  9:43  SCV  
  115  9:45  Marine x2  
  104  9:47  SCV, Barracks Reactor  
  104  9:48  Barracks Reactor  
  98  9:54  Liberator x2, SCV, Marine  
  98  9:57  Marine  
  107  10:00  Marine  
  107  10:03  Marine x2  
  107  10:05  Factory  
  107  10:06  Siege Tank  
  113  10:11  Refinery x2  
  113  10:13  Marine  
  114  10:14  Sensor Tower  
  114  10:15  Marine  
  114  10:18  Marine  
  116  10:22  Armory  
  116  10:23  Marine  
  116  10:24  Engineering Bay  
  117  10:28  Marine x2  
  117  10:29  Marine x2  
  117  10:30  Marine  
  117  10:31  Marine  
  117  10:33  Marine  
  124  10:41  Command Center  
  123  10:44  Siege Tank  
  123  10:47  Viking x2  
  123  10:49  Marine  
  130  10:53  Marine  
  130  10:55  Marine  
  129  10:57  Marine  
  129  10:59  Marine  
  129  11:00  Siege Tank  
  130  11:04  Marine x2, Supply Depot  
  130  11:05  Marine x2  
  130  11:07  Marine  
  130  11:10  Terran Infantry Weapons Level 2, Marine, Terran Infantry Armor Level 2  
  136  11:13  Marine, Terran Vehicle Weapons Level 1  
  136  11:17  Marine x2, Supply Depot  
  139  11:22  Marine  
  139  11:25  Supply Depot  
  140  11:26  Siege Tank  
  140  11:28  Marine  
  140  11:29  Marine x4  
  140  11:32  Viking  
  150  11:38  Viking  
  152  11:41  Siege Tank  
  152  11:46  Supply Depot  
  155  11:47  Marine x2  
  155  11:49  Marine  
  155  11:53  Marine x2  
  160  11:59  Supply Depot  
  160  12:00  Siege Tank  
  163  12:02  Marine x3  
  163  12:05  Marine  
  163  12:08  SCV  
  168  12:09  SCV  
  168  12:11  SCV  
  168  12:14  Siege Tank  
  173  12:20  SCV  
  173  12:21  Marine  
  173  12:22  Marine  
  175  12:23  Marine  
  175  12:25  Marine  
  175  12:28  Marine, Sensor Tower  
  165  12:31  Marine  
  165  12:36  Marine  
  165  12:37  Marine x2  
  137  12:39  Marine  
  137  12:40  Marine  
  132  12:45  Marine x2  
  132  12:47  Siege Tank  
  132  12:50  Planetary Fortress  
  137  12:51  Marine x2  
  137  12:56  Marine, Siege Tank  
  142  13:01  Marine x4  
  142  13:02  Marine  
  146  13:08  Marine  
  146  13:09  Marine x2  
  149  13:14  Marine  
  149  13:19  Marine x3  
  144  13:20  Marine, Siege Tank  
  144  13:21  Marine  
  144  13:25  Orbital Command, Marine  
  144  13:27  Marine x2  
  134  13:32  Marine  
  130  13:36  Marine  
  130  13:37  Marine x2  
  130  13:38  Marine  
  130  13:39  Marine  
  120  13:43  Marine  
Show
View Real Time Build Order
Export as new Build Order

ByuN Terran - Winner!

Build Orders: Gas First Reaper Expand 

Get SALT Encoding   

  12  0:00  SCV  
  13  0:12  SCV  
  14  0:16  Supply Depot  
  14  0:24  SCV  
  14  0:27  Refinery  
  15  0:38  SCV  
  16  0:43  Barracks  
  16  0:50  SCV  
  17  1:02  SCV  
  18  1:14  SCV  
  19  1:30  Orbital Command, Reaper  
  20  1:41  Command Center  
  20  1:51  Factory  
  20  1:56  SCV  
  21  2:02  Refinery  
  21  2:05  Barracks Reactor  
  21  2:08  SCV  
  22  2:13  Supply Depot  
  22  2:20  SCV  
  22  2:32  SCV  
  23  2:40  Marine  
  23  2:41  Hellion, Marine  
  27  2:44  Starport  
  27  2:45  SCV  
  28  2:56  Orbital Command  
  28  2:57  SCV  
  28  2:59  Marine  
  28  3:01  Marine  
  30  3:06  Factory Tech Lab  
  30  3:09  SCV  
  31  3:18  Marine x2  
  33  3:22  SCV  
  33  3:23  SCV  
  33  3:26  Medivac  
  37  3:32  Cyclone  
  40  3:37  SCV x2  
  42  3:41  Supply Depot  
  42  3:46  Marine x2  
  44  3:50  SCV  
  44  3:52  SCV, Refinery  
  46  3:56  Starport Tech Lab  
  46  4:03  SCV  
  46  4:04  SCV, Supply Depot  
  46  4:08  Siege Tank  
  51  4:15  Marine x2  
  51  4:16  Raven  
  53  4:17  SCV  
  54  4:25  SCV  
  54  4:27  Supply Depot  
  54  4:30  SCV  
  56  4:33  Marine x2  
  56  4:37  SCV  
  59  4:42  SCV  
  56  4:49  SCV  
  57  4:54  SCV  
  57  4:55  Siege Tank  
  61  5:01  SCV  
  61  5:05  Marine x2  
  61  5:06  SCV  
  67  5:07  Raven  
  67  5:12  Supply Depot  
  67  5:14  SCV  
  67  5:18  SCV  
  64  5:26  SCV  
  64  5:27  Siege Tank  
  68  5:30  SCV  
  68  5:34  Supply Depot  
  69  5:38  SCV  
  69  5:39  Command Center  
  72  5:44  SCV, Supply Depot  
  71  5:51  Starport Reactor  
  71  5:52  Stimpack  
  71  5:54  Barracks  
  72  5:57  Barracks  
  72  5:58  Marine  
  72  6:00  Siege Tank  
  72  6:03  SCV x2  
  77  6:08  Refinery  
  77  6:11  Engineering Bay  
  77  6:12  Engineering Bay  
  77  6:15  SCV x2  
  79  6:19  Marine  
  80  6:28  Barracks, SCV x2  
  80  6:29  Barracks  
  82  6:34  Starport Reactor  
  82  6:36  Siege Tank  
  82  6:38  Terran Infantry Weapons Level 1  
  85  6:40  SCV x2  
  85  6:42  Terran Infantry Armor Level 1  
  85  6:43  Supply Depot  
  87  6:52  Marine x3, SCV x2  
  87  6:53  Marine x2  
  93  7:04  SCV  
  93  7:05  SCV  
  93  7:07  Supply Depot  
  95  7:10  Supply Depot  
  95  7:12  Marine x4  
  95  7:13  Marine  
  100  7:16  SCV  
  100  7:17  SCV  
  100  7:18  SCV  
  103  7:25  Siege Tank  
  103  7:29  SCV x2  
  107  7:30  Marine, Barracks Reactor  
  107  7:31  Orbital Command  
  107  7:32  Combat Shield  
  107  7:35  Sensor Tower  
  107  7:36  Barracks Reactor  
  108  7:41  SCV x2  
  108  7:43  Marine x2  
  108  7:44  Marine x2  
  113  7:50  Medivac x2  
  118  7:53  SCV x2  
  118  7:54  Supply Depot  
  118  7:56  SCV  
  118  7:57  Supply Depot  
  121  8:03  Marine x3  
  121  8:04  Marine  
  121  8:05  SCV x2  
  127  8:07  Marine x2  
  127  8:10  Siege Tank  
  127  8:11  Marine  
  127  8:12  SCV, Marine  
  126  8:13  Marine  
  126  8:17  SCV x2  
  122  8:21  Marine x2  
  122  8:24  Marine x2  
  122  8:25  Marine x2  
  124  8:28  Medivac x2  
  124  8:29  Marine  
  124  8:30  Marine  
  124  8:31  Marine  
  130  8:35  Armory  
  130  8:39  Marine x2  
  132  8:42  Marine x2  
  132  8:43  Marine x2  
  132  8:47  Sensor Tower  
  136  8:51  Marine x3  
  132  8:56  Marine  
  132  8:57  Marine  
  132  8:59  Marine x2, Medivac x2  
  132  9:01  Marine x2  
  140  9:05  Siege Tank  
  140  9:09  Marine x3  
  146  9:14  Marine x2  
  148  9:17  Marine, Refinery x2  
  148  9:18  Supply Depot x2  
  148  9:19  Supply Depot x2  
  148  9:23  Marine x2  
  147  9:25  Marine  
  147  9:26  Marine x2  
  147  9:27  Marine  
  147  9:28  Terran Infantry Weapons Level 2  
  148  9:32  Marine  
  148  9:34  Marine  
  148  9:35  Marine  
  148  9:38  Siege Tank  
  140  9:39  SCV  
  140  9:40  SCV  
  140  9:41  Marine x2  
  140  9:43  Marine  
  140  9:44  Marine x2  
  131  9:46  Terran Infantry Armor Level 2  
  131  9:50  Marine x2  
  131  9:52  Marine  
  132  10:06  Marine x6  
  138  10:07  Marine  
  138  10:11  Command Center  
  138  10:13  Siege Tank  
  142  10:17  Marine x2  
  144  10:23  Marine  
  144  10:24  Marine x5  
  144  10:27  Supply Depot  
  144  10:28  Supply Depot  
  150  10:29  Marine  
  150  10:35  Marine x2  
  152  10:41  Marine  
  152  10:42  Marine x5  
  159  10:45  Siege Tank  
  159  10:46  SCV  
  159  10:47  SCV x2  
  165  10:59  Marine x4, Sensor Tower  
  165  11:00  Marine  
  165  11:01  Marine x3  
  173  11:04  Medivac x2  
  177  11:12  Barracks Reactor  
  177  11:22  Planetary Fortress  
  177  11:27  Marine x7  
  177  11:28  Marine  
  185  11:34  Barracks x2, Medivac  
  185  11:36  Barracks  
  187  11:42  Factory  
  187  11:45  Marine x3, Siege Tank  
  193  11:51  Marine, Terran Vehicle Weapons Level 1  
  194  11:55  Marine x2, Missile Turret  
  194  11:57  Marine  
  194  12:00  Marine  
  194  12:01  Marine x2  
  200  12:14  Missile Turret  
  200  12:25  Barracks Reactor x2  
  200  12:26  Barracks Reactor  
  200  12:28  Marine x2  
  192  12:33  Marine, Command Center  
  192  12:36  Marine  
  159  12:40  Marine  
  159  12:41  Marine x5  
  162  12:46  Marine x2  
  162  12:51  Marine  
  164  12:54  Marine  
  166  12:58  Marine  
  166  12:59  Marine x5, Siege Tank x2  
  166  13:04  Marine x2  
  180  13:06  Marine  
  180  13:07  Marine x5  
  180  13:08  Command Center  
  180  13:09  Marine  
  180  13:12  Marine  
  188  13:16  Marine  
  188  13:17  Marine x2  
  177  13:20  Marine  
  177  13:21  Marine x2  
  177  13:26  Marine x4  
  183  13:27  Marine x4  
  183  13:28  Marine  
  183  13:30  Marine  
  186  13:34  Marine x2  
  186  13:35  Marine  
  186  13:38  Marine x2  
  186  13:39  Marine  
  173  13:44  Marine x4  
Tags
 
Add a new tag
Caveats
  • Supply blocks, unpowered buildings, or Contaminate may cause inaccurate times.
  • Supply counts are checked every 10 seconds.